 Dungeon Sprint DCSS version 0.29-a0-338-g1ff7896281 (webtiles) character file.

Game seed: 9575260288097868873

20463 HendSelp the Bludgeoner (level 12, 0/95 HPs)
             Began as a Gargoyle Fighter on Apr 18, 2022.
             Was the Champion of Qazlal.
             Slain by a shadow wraith (16 damage)
             ... in the Dungeon (Sprint VII: "The Pits").
             The game lasted 00:08:35 (2626 turns).

HendSelp the Bludgeoner (Gargoyle Fighter)          Turns: 2626, Time: 00:08:35

Health: 0/95       AC: 40    Str: 25    XL:     12   Next: 79%
Magic:  13/13      EV:  9    Int:  6    God:    Qazlal [******]
Gold:   46         SH:  8    Dex:  9    Spells: 11/11 levels left

rFire   + . .      SeeInvis .   r - +2 dire flail (vorpal)
rCold   . . .      Faith    .   (shield currently unavailable)
rNeg    + . .      Spirit   .   n - +5 chain mail
rPois   ∞          Reflect  .   D - +4 helmet of Wisdom {Will+}
rElec   +          Harm     .   t - +0 cloak
rCorr   .          Rampage  .   e - +0 pair of gloves
Will    ++++.      Rage     50% (no boots)
Stlth   .......... NoTele   +   j - necklace of Bloodlust {*Rage Will++ Int-3 Slay+6}
HPRegen 0.25/turn               C - ring of willpower
MPRegen 0.13/turn               s - ring of protection from fire

@: protected from physical damage, on berserk cooldown, hasted and slowed,
studying Throwing, repel missiles
A: sickness immunity, AC +8, negative energy resistance 1, electricity
resistance, torment resistance 1, petrification resistance
a: Renounce Religion, Upheaval, Elemental Force, Disaster Area


You were in the Dungeon.
You worshipped Qazlal.
Qazlal was exalted by your worship.
You visited 1 branch You collected 46 gold pieces.

Inventory:

Hand Weapons
 r - a +2 vorpal dire flail (weapon)
Armour
 c - a +0 buckler
 e - a +0 pair of gloves (worn)
 n - a +5 chain mail (worn)
 t - a +0 cloak (worn)
 D - the +4 helmet of Wisdom (worn) {Will+}
   (You found it in the Dungeon)

   Will:      It increases your willpower.
Jewellery
 a - a +3 ring of evasion
 j - the necklace of Bloodlust (around neck) {*Rage Will++ Int-3 Slay+6}
   (You found it in the Dungeon)

   [amulet of nothing]

   It extends the wearer's berserk rage when killing foes.
   Int:       It affects your intelligence (-3).
   Slay:      It affects your accuracy & damage with ranged weapons and melee
   (+6).
   *Rage:     It berserks you when you make melee attacks (+50% chance).
   Will:      It greatly increases your willpower.
 m - an amulet of faith
 p - a +3 ring of evasion
 s - a ring of protection from fire (right hand)
 C - a ring of willpower (left hand)
Wands
 b - a wand of flame (25)
 f - a wand of paralysis (11)
Scrolls
 g - 6 scrolls of enchant weapon
 l - 5 scrolls of amnesia
 y - 2 scrolls of fog
 B - 2 scrolls of identify
Potions
 d - a potion of cancellation
 h - 4 potions of magic
 i - 3 potions of berserk rage
 k - 2 potions of invisibility
 q - 2 potions of brilliance
 u - 6 potions of mutation
 v - 3 potions of curing
 A - a potion of might


   Skills:
 * Level 19.2 Fighting
 * Level 19.4 Maces & Flails
 * Level 16.5 Armour
 - Level 14.5 Shields
 + Level 2.0 Invocations


You had 11 spell levels left.
You didn't know any spells.
Your spell library was empty.

Dungeon Overview and Level Annotations

Branches:
Dungeon (1/1)

Altars:
Ashenzari
Cheibriados
Dithmenos
Elyvilon
Fedhas
Gozag
Hepliaklqana
Kikubaaqudgha
Makhleb
Nemelex Xobeh
Okawaru
Qazlal
Ru
Sif Muna
Trog
Uskayaw
Vehumet
Wu Jian
Xom
Yredelemnul
Zin
The Shining One
Beogh
Jiyva
Lugonu


Innate Abilities, Weirdness & Mutations

You are immune to sickness and miasma.
Your stone body is resilient. (AC +8)
You are immune to poison.
You resist negative energy. (rN+)
You are resistant to electric shocks. (rElec)
You are resistant to unholy torment.
You are immune to petrification.


Message History

Qazlal accepts your kill. The meliai barely misses you.
The meliai stings you but does no damage.
The meliai hits you.
* * * LOW HITPOINT WARNING * * *
The meliai barely misses you.
Unknown command.
Unknown command.
Unknown command.
Unknown command.
Unknown command.
You barely miss the meliai.
You hear an angry buzzing noise.
The meliai hits you but does no damage.
The meliai stings you but does no damage.
The rakshasa weaves an illusion.
The meliai barely misses you. You block the meliai's attack.
You completely miss the meliai.
You hear an angry buzzing noise.
The meliai hits you but does no damage.
The meliai stings you but does no damage.
The deep elf zephyrmancer mumbles some strange words.
The deep elf zephyrmancer blinks!
You impale the meliai!!
You kill the meliai!
Qazlal accepts your kill.
The meliai's shape twists and changes as it dies.
You hear an angry buzzing noise.
The rakshasa closely misses you.
The deep elf zephyrmancer hits you but does no damage.
You feel yourself speed up.
A water elemental comes into view.
The deep elf zephyrmancer hits you but does no damage.
The rakshasa hits you from afar with a +0 trident.
* * * LOW HITPOINT WARNING * * *
You block something's attack. The rakshasa barely misses you.
The deep elf zephyrmancer mumbles some strange words.
The deep elf zephyrmancer blinks!
You feel better. Something hits you!
You die...

###################
#..................
#..................
#..################ #..##E# #
#☼○#R# # #°e{# # #)@#.# #
#§.##y# # #§.################
#############..................
#_________.##..................
#_________.###########''#######
#_______...###########''######
##########'##................#
#.?(.')))'.##......#..#......#


You could see a rakshasa, a water elemental and a deep elf zephyrmancer.

Vanquished Creatures
  Rupert (D)
  2 deep elf master archers (D)
  An emperor scorpion (D)
  A war gargoyle (D)
  A green death (D)
  An eidolon (D)
  2 great orbs of eyes (D)
  A hydra (D)
  Sonja (D)
  2 sea snakes (D)
  A wizard (D)
  A bog body (D)
  A flayed ghost (D)
  A lindwurm (D)
  A necromancer (D)
  An ugly thing (D)
  Maurice (D)
  An unseen horror (D)
  A freezing wraith (D)
  A komodo dragon (D)
  An ice devil (D)
  A yaktaur (D)
  A polar bear (D)
  A hellwing (D)
  A meliai (shapeshifter) (D)
  A troll (D)
  7 dream sheep (D)
  A jumping spider (D)
  A spriggan (D)
  A water elemental (D)
  Sigmund (D)
  An air elemental (D)
  2 wyverns (D)
  3 yaks (D)
  Grum (D)
  A fire bat (D)
  A redback (D)
  A neqoxec (D)
  Edmund (D)
  A floating eye (D)
  An acid dragon (D)
  An ogre (D)
  4 wolves (D)
  A scorpion (D)
  6 killer bees (D)
  2 small abominations (D)
  2 hounds (D)
  An orc priest (D)
  An iron imp (D)
  An iguana (D)
  3 river rats (D)
  2 ufetubi (D)
  An adder zombie (D)
  An adder skeleton (D)
  4 orcs (D)
  A bat (D)
  A bat skeleton (D)
  An endoplasm (D)
  3 hobgoblins (D)
  A quokka (D)
  A ball python (D)
  A bat simulacrum (D)
  A jackal simulacrum (D)
  A jackal skeleton (D)
  A quokka skeleton (D)
95 creatures vanquished.

Vanquished Creatures (collateral kills)
  A shadow wraith (D)
  A wraith (D)
  A gnoll (D)
3 creatures vanquished.

Grand Total: 98 creatures vanquished

Notes
Turn   | Place    | Note
-------+----------+-------------------------------------------
     0 | D        | HendSelp the Gargoyle Fighter began the quest for the Orb.
     0 | D        | Reached XP level 1. HP: 14/14 MP: 1/1
    21 | D        | Found a bloodstained altar of Trog.
    21 | D        | Found a shimmering blue altar of Sif Muna.
    21 | D        | Found a viscous altar of Jiyva.
    21 | D        | Found a hazy altar of Hepliaklqana.
    21 | D        | Found an opulent altar of Gozag.
    54 | D        | Found a glowing golden altar of the Shining One.
    54 | D        | Found a glowing silver altar of Zin.
    54 | D        | Found a basalt altar of Yredelemnul.
    54 | D        | Found a shimmering altar of Xom.
    54 | D        | Found an ornate altar of the Wu Jian Council.
    54 | D        | Found a sacrificial altar of Ru.
    54 | D        | Found a stormy altar of Qazlal.
    54 | D        | Found an iron altar of Okawaru.
    54 | D        | Found a sparkling altar of Nemelex Xobeh.
    54 | D        | Found a burning altar of Makhleb.
    54 | D        | Found a blossoming altar of Fedhas.
    54 | D        | Found a white marble altar of Elyvilon.
    54 | D        | Found a shadowy altar of Dithmenos.
    54 | D        | Found a snail-covered altar of Cheibriados.
    56 | D        | Found a radiant altar of Vehumet.
    56 | D        | Found a corrupted altar of Lugonu.
    57 | D        | Found a hide-covered altar of Uskayaw.
    57 | D        | Found an ancient bone altar of Kikubaaqudgha.
    57 | D        | Found a broken altar of Ashenzari.
    65 | D        | Became a worshipper of Qazlal Stormbringer
    87 | D        | Reached XP level 2. HP: 19/20 MP: 2/2
   129 | D        | Reached * piety under Qazlal
   257 | D        | Reached XP level 3. HP: 12/25 MP: 3/3
   260 | D        | Reached ** piety under Qazlal
   500 | D        | Noticed a wolf
   501 | D        | Noticed a fire bat
   515 | D        | Killed a fire bat
   516 | D        | Reached XP level 4. HP: 20/32 MP: 4/4
   516 | D        | Reached XP level 5. HP: 23/37 MP: 5/5
   542 | D        | Killed a wolf
   543 | D        | Reached XP level 6. HP: 22/44 MP: 6/6
   547 | D        | Reached *** piety under Qazlal
   565 | D        | Reached **** piety under Qazlal
   721 | D        | Killed an unseen horror
   722 | D        | Reached skill level 10 in Maces & Flails
   722 | D        | Reached XP level 7. HP: 31/50 MP: 7/7
   882 | D        | Noticed Edmund
   906 | D        | Killed Edmund
   906 | D        | Reached ***** piety under Qazlal
   907 | D        | Reached XP level 8. HP: 36/56 MP: 8/8
  1020 | D        | Noticed a wraith
  1028 | D        | Killed a shadow wraith
  1028 | D        | Killed a wraith
  1029 | D        | Reached skill level 10 in Armour
  1029 | D        | Reached skill level 10 in Shields
  1259 | D        | Noticed a jumping spider
  1259 | D        | Noticed Maurice
  1265 | D        | Killed a jumping spider
  1266 | D        | Reached XP level 9. HP: 54/62 MP: 9/9
  1275 | D        | Paralysed by something for 5 turns
  1284 | D        | Killed Maurice
  1285 | D        | Reached skill level 10 in Fighting
  1326 | D        | Noticed a five-headed hydra
  1335 | D        | Killed a five-headed hydra
  1348 | D        | Reached ****** piety under Qazlal
  1389 | D        | Noticed a komodo dragon
  1391 | D        | Noticed a flayed ghost
  1399 | D        | Killed a flayed ghost
  1400 | D        | Reached XP level 10. HP: 13/70 MP: 10/10
  1715 | D        | Noticed Grum
  1722 | D        | Reached skill level 15 in Maces & Flails
  1741 | D        | Killed Grum
  1993 | D        | Noticed a necromancer
  1994 | D        | Noticed a sea snake
  2000 | D        | Killed a sea snake
  2004 | D        | Killed a necromancer
  2005 | D        | Reached XP level 11. HP: 78/78 MP: 11/11
  2036 | D        | Noticed a lindwurm
  2036 | D        | Noticed a cyan ugly thing
  2036 | D        | Noticed a bog body
  2036 | D        | Noticed Sigmund
  2040 | D        | Paralysed by a floating eye for 4 turns
  2048 | D        | Killed a cyan ugly thing
  2055 | D        | Killed a lindwurm
  2055 | D        | Paralysed by a floating eye for 3 turns
  2059 | D        | Killed a bog body
  2095 | D        | Killed Sigmund
  2096 | D        | Reached skill level 15 in Fighting
  2105 | D        | Reached skill level 15 in Armour
  2294 | D        | Got the +4 helmet of Wisdom {Will+}
  2462 | D        | Found the necklace of Bloodlust {*Rage Will++ Int-3 Slay+6}
  2462 | D        | Noticed an eidolon
  2462 | D        | Noticed a green death
  2462 | D        | Noticed a war gargoyle
  2462 | D        | Noticed a deep elf master archer
  2462 | D        | Noticed Rupert
  2462 | D        | Noticed a great orb of eyes
  2462 | D        | Noticed a great orb of eyes
  2477 | D        | Killed an eidolon
  2482 | D        | Killed a green death
  2483 | D        | Killed a deep elf master archer
  2484 | D        | Reached XP level 12. HP: 51/89 MP: 12/12
  2489 | D        | Killed a war gargoyle
  2490 | D        | Reached skill level 1 in Invocations
  2505 | D        | Killed Rupert
  2511 | D        | Killed a great orb of eyes
  2515 | D        | Killed a great orb of eyes
  2585 | D        | Noticed an emperor scorpion
  2600 | D        | Killed an emperor scorpion
  2600 | D        | Noticed a deep elf master archer
  2605 | D        | Killed a deep elf master archer
  2605 | D        | Noticed Sonja
  2619 | D        | Noticed a rakshasa
  2619 | D        | Killed Sonja
  2626 | D        | Slain by a shadow wraith

Illustrated notes

Levels and vault maps discovered:
D:        pitsprint [storerooms_1, entrance_room_1, metal_vault_4, armoury_3,
          mini_pit_1, grid_room_1, main_hall_1, silver_pit, the_coven_3,
          the_vestibule_1, steel_vault_1, golden_pit, hallway_of_sentries,
          crystal_vault_6, iron_vault_2, final_vault]

Skill      XL: |  1  2  3  4  5  6  7  8  9 10 11 12 |
---------------+-------------------------------------+-----
Fighting       | 4 6 7 8 9 11 13 16 19 | 19.2
Armour         | 4 6 7 8 9 10 12 14 15 16 | 16.5
Shields        | 4 6 8 9 10 11 13 14 | 14.5
Maces & Flails | 3 6 7 10 11 12 14 15 17 19 | 19.4
Invocations    | 2 |  2.0

Action                   |  1- 3 |  4- 6 |  7- 9 | 10-12 || total
-------------------------+-------+-------+-------+-------++-------
Melee: Flail             |    53 |    83 |    25 |       ||   161
       Dire flail        |       |       |    36 |   215 ||   251
Invok: Upheaval          |       |       |       |     1 ||     1
  Use: Potion            |     2 |     3 |     2 |    14 ||    21
       Scroll            |       |       |     1 |     6 ||     7
Armor: Scale mail        |    25 |       |       |       ||    25
       Chain mail        |    11 |    52 |    29 |   146 ||   238
Dodge: Dodged            |    39 |    22 |    17 |   121 ||   199
       Repelled          |       |       |     1 |     2 ||     3
Block: Buckler           |    31 |    28 |     9 |       ||    68
       Other             |       |       |     9 |    83 ||    92

Table legend: (Time is in decaauts)
 A = Elapsed time spent in this place.
 B = Non-inter-level travel time spent in this place.
 C = Inter-level travel time spent in this place.
 D = Time resting spent in this place.
 E = Time spent auto-exploring this place.
 F = Levels seen in this place.
 G = Mean time per level.
                   A        B        C        D        E       F      G
               +--------+--------+--------+--------+--------+-----+--------+
         Total |   2518 |   2390 |    128 |   1298 |     98 |   1 | 2518.0 |
       Dungeon |   2518 |   2390 |    128 |   1298 |     98 |   1 | 2518.0 |
               +--------+--------+--------+--------+--------+-----+--------+

Top non-repeatable levels by time:
       D: 2518 daAuts
